 Dungeon Crawl Stone Soup version 0.23.0 (webtiles) character file.

Game seed: 2883482415551693863

82 Monsterracer the Cutter (level 4, -1/27 HPs)
             Began as a Kobold Artificer on Feb 18, 2019.
             Killed from afar by Ijyb (6 damage)
             ... with a wand of acid (9)
             ... on level 3 of the Dungeon.
             The game lasted 00:02:35 (2998 turns).

Monsterracer the Cutter (Kobold Artificer)          Turns: 2998, Time: 00:02:36

Health: -1/27      AC:  6    Str: 10    XL:     4   Next: 70%
Magic:  6/6        EV: 11    Int: 12    God:
Gold:   83         SH:  0    Dex: 15    Spells: 3/3 levels left

rFire    . . .     SeeInvis .   a - +0 short sword (speed)
rCold    . . .     Gourm    .   (shield restricted)
rNeg     . . .     Faith    .   g - +0 scale mail
rPois    .         Spirit   .   (no helmet)
rElec    .         Reflect  .   (no cloak)
rCorr    .         Harm     .   (no gloves)
MR       .....                  (no boots)
Stlth    ..........             n - amulet of rage
HPRegen  0.09/turn              m - ring of attention (curse)
MPRegen  0.10/turn              (no ring)

@: no status effects
A: small, carnivore
a: Evoke Berserk Rage


You were on level 3 of the Dungeon.
You were completely stuffed.

You visited 1 branch of the dungeon, and saw 3 of its levels.

You collected 83 gold pieces.

Inventory:

Hand Weapons
 a - a +0 short sword of speed (weapon)
Armour
 g - a +0 scale mail (worn)
Jewellery
 m - a cursed ring of attention (left hand)
 n - an amulet of rage (around neck)
Wands
 d - a wand of enslavement (15)
 e - a wand of random effects (11)
 f - a wand of flame (13)
Scrolls
 h - a scroll of fog {unknown}
 i - 4 scrolls of identify {unknown}
 j - a scroll of teleportation {unknown}
 k - a scroll of random uselessness {unknown}
 l - a scroll of remove curse {unknown}
Potions
 b - a potion of might {unknown}
Comestibles
 c - 2 rations


   Skills:
 + Level 2.6 Fighting
 * Level 4.5 Short Blades
 - Level 2.4 Dodging
 - Level 1.3 Stealth
 - Level 3.6 Evocations


You had 3 spell levels left.
You didn't know any spells.
Your spell library was empty.

Dungeon Overview and Level Annotations

Branches:
Dungeon (3/15)

Altars:
Yredelemnul

Annotations:
D:3 Ijyb


Innate Abilities, Weirdness & Mutations

You are small and have problems with some larger weapons.
You are carnivorous and can eat meat at any time.


Message History

Health restored: 27 The bat barely misses you.
The bat hits you but does no damage. The bat closely misses you.
A bat is nearby!
You miss the bat.
The bat is moderately wounded.
The bat closely misses you.
A bat is nearby!
You hit the bat but do no damage.
The bat is moderately wounded.
The bat hits you but does no damage.
You barely miss the bat.
The bat is moderately wounded.
The bat hits you but does no damage.
A bat is nearby!
You miss the bat. The bat misses you.
A bat is nearby!
You completely miss the bat. The bat hits you but does no damage.
A bat is nearby!
The bat hits you but does no damage.
You miss the bat. The bat completely misses you.
A bat is nearby!
You closely miss the bat. The bat hits you but does no damage.
You closely miss the bat. The bat closely misses you.
You closely miss the bat. The bat closely misses you.
The bat barely misses you.
You hit the bat but do no damage. You miss the bat. The bat misses you.
You hit the bat.
The bat is moderately wounded.
The bat hits you but does no damage. The bat hits you but does no damage.
The bat hits you but does no damage. x3
You hit the bat but do no damage.
The bat is moderately wounded.
The bat closely misses you.
You hit the bat.
You kill the bat!
No target in view!
All of the chunks of flesh in your inventory have rotted away.
Found a stone staircase leading up.
Key pressed, stopping explore.
No target in view!
No target in view!
No target in view!
No target in view!
No target in view!
As you open the door, it creaks loudly!
There is an open door here.
Done exploring.
Done exploring.
No target in view!
Done exploring.
No target in view!
No target in view!
There is a stone staircase leading down here.
You climb downwards.
A frilled lizard, a rat and Ijyb come into view.
Ijyb shouts!
Found 10 gold pieces.
Found a stone staircase leading up.
There is a stone staircase leading up here.
There are monsters nearby!
Drop what? 14/52 slots (_ for help) (? for menu, Esc to quit)
Okay, then.
Unknown command.
Press: ? - help, v - describe, . - travel
Here: Ijyb, wielding a +0 club, wearing a +0 leather armour and carrying a wand of acid (10)
The floor.
Unknown command.
Evoke which item? (* to show all) (? for menu, Esc to quit)
Aiming: Random Effects
Press: ? - help, Shift-Dir - straight line, f - Ijyb
Aim: Ijyb, wielding a +0 club, wearing a +0 leather armour and carrying a wand of acid (10)
The bolt of negative energy misses Ijyb.
Evoke which item? (* to show all) (? for menu, Esc to quit)
Aiming: Random Effects
Press: ? - help, Shift-Dir - straight line, f/p - Ijyb
Aim: Ijyb, wielding a +0 club, wearing a +0 leather armour and carrying a wand of acid (10)
The bolt of poison hits Ijyb!!
Ijyb is poisoned.
Ijyb is severely wounded.
Ijyb drinks a potion.
Ijyb is healed!
Ijyb looks more healthy.
Evoke which item? (* to show all) (? for menu, Esc to quit)
Aiming: Random Effects
Press: ? - help, Shift-Dir - straight line, f/p - Ijyb
Aim: Ijyb, wielding a +0 club, wearing a +0 leather armour and carrying a wand of acid (10) (heavily wounded) Ijyb flickers and vanishes!
Deactivating autopickup; reactivate with Ctrl-A.
You hear a zap.
A bolt of acid appears from out of thin air!
The bolt of acid hits you!
You are splashed with acid!
* * * LOW HITPOINT WARNING * * *
You take 22 damage, and have 5/27 hp.
MASSIVE DAMAGE!!
Evoke which item? (* to show all) (? for menu, Esc to quit)
Aiming: Random Effects
Press: ? - help, Shift-Dir - straight line Nothing appears to happen.
You hear a zap.
A bolt of acid appears from out of thin air!
The bolt of acid hits you.
You die...

## .# .# .# . .
{# ...
....####.#.....
......r@.......
....####l......
. .......
$...... .......
....... <....##
##.###


You could see a frilled lizard and a rat.

Vanquished Creatures
  2 adders (D:2)
  An ooze (D:1)
  2 worms (D:2)
  A leopard gecko (D:2)
  3 giant cockroaches (D:2)
  6 hobgoblins
  16 jackals
  A quokka (D:2)
  A ball python (D:1)
  6 bats
  A frilled lizard (D:2)
  3 goblins
  4 kobolds
  A rat (D:2)
  A spectral orc (D:2)
49 creatures vanquished.

Notes
Turn   | Place    | Note
-------+----------+-------------------------------------------
     0 | D:1      | Monsterracer the Kobold Artificer began the quest for the
                  | Orb.
     0 | D:1      | Reached XP level 1. HP: 12/12 MP: 3/3
   133 | D:1      | HP: 6/12 [ooze (4)]
   138 | D:1      | Reached skill level 2 in Short Blades
   138 | D:1      | Reached XP level 2. HP: 8/16 MP: 4/4
   485 | D:1      | Reached skill level 3 in Short Blades
   884 | D:1      | Reached XP level 3. HP: 21/21 MP: 5/5
  1180 | D:2      | HP: 10/21 [bat (1)]
  1225 | D:2      | HP: 10/21 [goblin (2)]
  1532 | D:2      | Found a basalt altar of Yredelemnul.
  1610 | D:2      | HP: 9/21 [worm (6)]
  1612 | D:2      | HP: 2/21 [worm (7)]
  1917 | D:2      | Reached XP level 4. HP: 22/26 MP: 6/6
  1968 | D:2      | Reached skill level 4 in Short Blades
  1985 | D:2      | HP: 11/26 [adder (4)]
  2167 | D:2      | HP: 9/27 [worm (6)]
  2992 | D:3      | Noticed Ijyb
  2997 | D:3      | HP: 5/27 [acid (11)]
  2998 | D:3      | Killed from afar by Ijyb

Skill      XL: |  1  2  3  4 |
---------------+-------------+-----
Short Blades   | 2 3 4 |  4.5
Fighting       | 2 |  2.6
Dodging        | |  2.4
Stealth        | |  1.3
Evocations     | |  3.6

Action                   |  1- 3 |  4- 6 || total
-------------------------+-------+-------++-------
Melee: Short sword       |   176 |    82 ||   258
Evoke: Wand              |     1 |     5 ||     6
  Use: Potion            |       |     3 ||     3
  Eat: Chunk             |    12 |     3 ||    15
Armor: Scale mail        |    81 |    32 ||   113
Dodge: Dodged            |   102 |    51 ||   153

Levels and vault maps discovered:
D:1:      dpeg_arrival_windows_large_door, layout_loops_ring
D:2:      layout_basic, yredelemnul_forgotten_temple_becter
D:3:      layout_basic, first_ration, chequers_ecumenical_altar_simple_redux,
          uniq_ijyb, uniq_terence, uniq_sigmund
